 Dungeon Crawl Stone Soup version 0.30-a0-757-ga6a79fd877 (webtiles) character file.

Game seed: 10551311562614629187

151 xian the Trooper (level 5, -1/41 HPs)
             Began as a Demonspawn Fighter on Feb 9, 2023.
             Succumbed to a scorpion's poison
             ... on level 6 of the Dungeon.
             The game lasted 00:03:57 (2059 turns).

xian the Trooper (Demonspawn Fighter)               Turns: 2059, Time: 00:03:58

Health: -1/41      AC:  8    Str: 19    XL:     5   Next: 11%
Magic:  5/5        EV:  9    Int:  9    God:
Gold:   116        SH:  4    Dex: 12    Spells: 4/4 levels left

rFire   . . .      SeeInvis .    a - +0 war axe
rCold   . . .      Faith    .    c - +0 buckler
rNeg    . . .      Spirit   .    b - +0 scale mail
rPois   .          Reflect  .    (no helmet)
rElec   .          Harm     .    (no cloak)
rCorr   .          Rampage  .    (no gloves)
Will    .....                    (no boots) Stlth
                                 (no amulet)
HPRegen 0.26/turn                (no ring)
MPRegen 0.09/turn                (no ring)

@: lethally poisoned (-1 -> -14)
A: molten scales 1, demonic touch 1
a: no special abilities


You were on level 6 of the Dungeon.
You visited 1 branch of the dungeon, and saw 4 of its levels.

You collected 116 gold pieces.

Inventory:

Hand Weapons
 a - a +0 war axe (weapon)
Missiles
 e - 12 stones (quivered)
 p - 2 poisoned darts
Armour
 b - a +0 scale mail (worn)
 c - a +0 buckler (worn)
Magical Staves
 q - a staff of fire
Scrolls
 g - 2 scrolls of vulnerability {unknown}
 h - 5 scrolls of identify {unknown}
 j - a scroll of enchant armour {unknown}
 k - a scroll of poison {unknown}
 l - 3 scrolls of teleportation {unknown}
 m - a scroll of enchant weapon {unknown}
 n - 2 scrolls of fear {unknown}
 o - a scroll of brand weapon {unknown}
 r - 2 scrolls of fog {unknown}
Potions
 d - 2 potions of might
 i - a potion of degeneration {unknown}
 s - a potion of magic {unknown}


   Skills:
 + Level 3.6 Fighting
 + Level 3.0 Axes
 + Level 0.5 Throwing
 + Level 3.5 Armour
 + Level 0.9 Dodging
 + Level 3.1 Shields


You had 4 spell levels left.
You didn't know any spells.
Your spell library contained the following spells:

 Spells                   Type           Power      Damage    Failure   Level
 Apportation              Tloc           0%         N/A       85%         1
 Kindle Blastsparks       Fire/Tloc/Air  0%         2d10      99%         3
 Fulminant Prism          Conj/Hex       0%         3d5       100%        4
 Iskenderun's Mystic Bla  Conj/Tloc      0%         2d3       100%        4
 Alistair's Intoxication  Tmut/Pois      0%         N/A       100%        5
 Lee's Rapid Deconstruct  Erth           0%         3d4*      100%        5


Dungeon Overview and Level Annotations

Branches:
Dungeon (3/15)

Altars:


Innate Abilities, Weirdness & Mutations

You are partially covered in molten scales. (AC +2)
Your touch may inflict minor irresistible damage on your foes.


Message History

Press: ? - help, Q - select action, (/) - cycle Shift-Dir - straight line, f - scorpion
Aim: a scorpion (57% to hit)
You throw a throwing net.
The throwing net barely misses the scorpion.
The scorpion stings you but does no damage. x2
Throw: throwing net
Press: ? - help, Q - select action, (/) - cycle Shift-Dir - straight line, f/p - scorpion
Aim: a scorpion (57% to hit)
You throw a throwing net. The throwing net hits the scorpion.
The scorpion is caught in the net!
The scorpion struggles against the net.
You catch the helpless scorpion completely off-guard!
You hit the scorpion.
The scorpion is lightly wounded.
The scorpion struggles against the net. x2
You hit the scorpion but do no damage.
The scorpion is lightly wounded.
The scorpion struggles against the net.
The net rips apart, and the scorpion comes free!
You closely miss the scorpion.
The scorpion is lightly wounded.
You block the scorpion's attack. The scorpion barely misses you.
You slash the scorpion!
The scorpion is heavily wounded.
The scorpion stings you.
* * * LOW HITPOINT WARNING * * *
The scorpion barely misses you.
You barely miss the scorpion.
The scorpion is heavily wounded.
The scorpion stings you.
* * * LOW HITPOINT WARNING * * *
You closely miss the scorpion.
The scorpion is heavily wounded.
The scorpion stings you.
* * * LOW HITPOINT WARNING * * *
You are lethally poisoned!
The scorpion poisons you! The scorpion closely misses you.
You barely miss the scorpion.
The scorpion is heavily wounded.
You die...

# ##.# ###...
#... ####.#
#####....#
#..@s...(###.#
#.###.#......#
#.#
#.#.####....
#.#...#.# ##
#. #.##.# #.
##...# ##
#.#### #. #


You could see a scorpion.

Vanquished Creatures
  An iguana (D:6)
  4 gnolls
  4 adders
  A dart slug (D:2)
  4 ball pythons
  3 bats
  3 endoplasms
  3 giant cockroaches
  3 goblins
  4 hobgoblins
  7 jackals
  4 kobolds
  2 quokkas
  2 frilled lizards (D:2)
  7 rats
52 creatures vanquished.

Notes
Turn   | Place    | Note
-------+----------+-------------------------------------------
     0 | D:1      | xian the Demonspawn Fighter began the quest for the Orb.
     0 | D:1      | Reached XP level 1. HP: 18/18 MP: 1/1
   230 | D:1      | Gained mutation: Your touch may inflict minor irresistible
                  | damage on your foes. [demonic ancestry]
   230 | D:1      | Reached XP level 2. HP: 24/24 MP: 2/2
   469 | D:1      | Reached XP level 3. HP: 25/29 MP: 3/3
  1377 | D:2      | Gained mutation: You are partially covered in molten
                  | scales. (AC +2) [demonic ancestry]
  1377 | D:2      | Reached XP level 4. HP: 35/35 MP: 4/4
  2028 | D:3      | You fall into a shaft and drop 3 floors!
  2037 | D:6      | Noticed a scorpion
  2051 | D:6      | Reached XP level 5. HP: 10/41 MP: 5/5
  2059 | D:6      | Succumbed to a scorpion's poison

Illustrated notes

Levels and vault maps discovered:
D:1:      evilmike_arrival_rings, layout_basic, chequers_mini_garden
D:2:      kennysheep_big_flooded_room, layout_basic
D:3:      layout_basic, nicolae_elyvilon_temple_path,
          nicolae_ecumenical_oubliette
D:6:      layout_loops_cross, nicolae_overflow_hidden_temple

Skill      XL: |  1  2  3  4 |
---------------+-------------+-----
Armour         | 3 |  3.5
Axes           | 2 3 |  3.0
Shields        | 3 |  3.1
Fighting       | |  3.6
Throwing       | |  0.5
Dodging        | |  0.9

Action                     |  1- 3 |  4- 6 || total
---------------------------+-------+-------++-------
  Melee: War axe           |   104 |    67 ||   171
  Throw: Stone             |    19 |    10 ||    29
         Throwing net      |       |     2 ||     2
   Stab: Held in net/web   |       |     1 ||     1
 Armour: Scale mail        |    58 |    25 ||    83
  Dodge: Dodged            |    55 |    21 ||    76
  Block: Buckler           |    25 |    21 ||    46

Table legend: (Time is in decaauts)
 A = Elapsed time spent in this place.
 B = Non-inter-level travel time spent in this place.
 C = Inter-level travel time spent in this place.
 D = Time resting spent in this place.
 E = Time spent auto-exploring this place.
 F = Levels seen in this place.
 G = Mean time per level.
                   A        B        C        D        E       F      G
               +--------+--------+--------+--------+--------+-----+--------+
         Total |   2135 |   2080 |     55 |      0 |   1477 |   4 |  533.8 |
       Dungeon |   2135 |   2080 |     55 |      0 |   1477 |   4 |  533.8 |
               +--------+--------+--------+--------+--------+-----+--------+

Top non-repeatable levels by time:
     D:1: 998 daAuts
     D:2: 901 daAuts
     D:3: 198 daAuts
     D:6: 37 daAuts
